 Dungeon Crawl Stone Soup version 0.20-a0-3-g334f831 (webtiles) character file.

141 mrath the Cudgeler (level 5, 0/45 HPs)
             Began as a Minotaur Fighter on Oct 30, 2016.
             Killed from afar by Natasha (7 damage)
             ... with a wand of flame
             ... on level 4 of the Dungeon.
             The game lasted 00:09:58 (2904 turns).

mrath the Cudgeler (Minotaur Fighter)               Turns: 2904, Time: 00:09:58

Health: 0/45       AC:  6    Str: 22    XL:     5   Next: 3%
Magic:  4/4        EV:  7    Int:  5    God:
Gold:   175        SH:  9    Dex:  9    Spells: 0 memorised, 4 levels left

rFire  . . .     SeeInvis .     a - +0 flail
rCold  . . .     Gourm    .     b - +0 scale mail
rNeg   . . .     Faith    .     c - +0 shield
rPois  .         Spirit   .     (helmet restricted)
rElec  .         Reflect  .     (no cloak)
rCorr  .         Harm     .     (no gloves)
MR     .....                    (no boots)
Stlth  ..........               (no amulet)
                                (no ring)
                                (no ring)

@: slowed, very slow
A: retaliatory headbutt, horns 2
a: no special abilities


You were on level 4 of the Dungeon.
You were not hungry.

You visited 1 branch of the dungeon, and saw 4 of its levels.

You collected 175 gold pieces.

Inventory:

Hand Weapons
 a - a +0 flail (weapon)
Missiles
 e - 125 stones (quivered)
Armour
 b - a +0 scale mail (worn)
 c - a +0 shield (worn)
Magical Staves
 w - an uncursed staff of wizardry {unknown}
Wands
 g - a wand of acid (10/15)
 t - a wand of paralysis (10/24)
 v - a wand of digging (5/24)
Scrolls
 h - 3 scrolls of identify
 i - 3 scrolls of remove curse {unknown}
 j - 2 scrolls of amnesia {unknown}
 k - 3 scrolls of fear {unknown}
 n - 2 scrolls of immolation {unknown}
 s - a scroll of enchant weapon {unknown}
Potions
 d - a potion of might
 l - 2 potions of brilliance {unknown}
 m - 5 potions of curing
 o - 2 potions of agility {unknown}
 r - a potion of cancellation {unknown}
Comestibles
 f - 2 bread rations
 p - a meat ration
 q - 3 fruits
 u - 4 chunks of flesh


   Skills:
 + Level 3.6 Fighting
 + Level 6.3 Maces & Flails
 + Level 0.0 Throwing
 + Level 3.6 Armour
 + Level 0.0 Dodging
 + Level 3.6 Shields
 + Level 0.0 Evocations


You had 4 spell levels left.
You didn't know any spells.

Dungeon Overview and Level Annotations

Branches:
Dungeon (4/15)
 Temple: D:4-7

Altars:

Annotations:
D:4 Natasha


Innate Abilities, Weirdness & Mutations

You reflexively headbutt those who attack you in melee.
You have a pair of horns on your head.


Message History

Natasha barely misses you. You furiously retaliate!
You headbutt Natasha! Natasha claws you but does no damage.
Natasha zaps a wand.
You block the puff of flame.
Natasha stares at you and mumbles some strange words.
You feel as though you will be slow longer.
Natasha barely misses you.
You closely miss Natasha.
Natasha is severely wounded.
Natasha zaps a wand.
The puff of flame hits you!
Natasha zaps a wand.
The puff of flame hits you!
You barely miss Natasha. Your headbutt misses Natasha.
Natasha is severely wounded.
Natasha casts a spell at you. The magic dart hits you!
Natasha claws you but does no damage.
You miss Natasha.
Natasha is severely wounded.
Natasha zaps a wand.
The puff of flame hits you!
* * * LOW HITPOINT WARNING * * *
Natasha zaps a wand.
The puff of flame hits you!
You die...

#.##[# #.##.#
#####..#.#
######......#.#
#<..........#.#
######.....##.#
#.....##.#
#.....##.#
########@# #h#
#o# #o#
########o#
#........#
#........#
#........#+###...
########...o..o..


You could see Natasha and 3 orcs.

Vanquished Creatures
  6 adders
  3 oozes
  3 worms (D:3)
  A dart slug (D:3)
  A leopard gecko (D:1)
  2 ball pythons
  7 bats
  2 giant cockroaches
  5 goblins
  11 hobgoblins
  4 jackals (D:3)
  3 quokkas
  3 frilled lizards
  2 kobolds
  9 rats
62 creatures vanquished.

Notes
Turn   | Place    | Note
-------+----------+-------------------------------------------
     0 | D:1      | mrath the Minotaur Fighter began the quest for the Orb.
     0 | D:1      | Reached XP level 1. HP: 19/19 MP: 0/0
    46 | D:1      | Reached skill level 3 in Maces & Flails
   176 | D:1      | Reached XP level 2. HP: 26/26 MP: 1/1
   307 | D:1      | Reached skill level 4 in Maces & Flails
   631 | D:2      | Found a faded altar of an unknown god.
   637 | D:2      | Reached XP level 3. HP: 31/31 MP: 2/2
  1141 | D:2      | Reached skill level 5 in Maces & Flails
  1178 | D:2      | Reached XP level 4. HP: 30/39 MP: 3/3
  2238 | D:3      | Reached skill level 6 in Maces & Flails
  2689 | D:3      | Reached XP level 5. HP: 43/45 MP: 4/4
  2888 | D:4      | Noticed Natasha
  2904 | D:4      | Killed from afar by Natasha

Vault maps used:
D:1:      eino_arrival_water_star
D:2:      ecumenical_altar_1, eino_curves_04
D:4:      uniq_natasha

Skill      XL: |  1  2  3  4 |
---------------+-------------+-----
Maces & Flails | 3 4 5 6 |  6.3
Fighting       | |  3.6
Armour         | |  3.6
Shields        | |  3.6

Action                   |  1- 3 |  4- 6 || total
-------------------------+-------+-------++-------
Melee: Flail             |    61 |    98 ||   159
       Headbutt          |    14 |    17 ||    31
Throw: Stone             |     2 |       ||     2
  Use: Scroll            |       |     1 ||     1
  Eat: Chunk             |     1 |     5 ||     6
Armor: Scale mail        |    30 |    37 ||    67
Dodge: Dodged            |    18 |    20 ||    38
Block: Shield            |    33 |    43 ||    76
